 Dungeon Crawl Stone Soup version 0.30-a0-605-gb2882149bf (webtiles) character file.

Game seed: 14859795423206207225

6472 sokol815 the Geomancer (level 11, -7/61 HPs)
             Began as an Octopode Earth Elementalist on Jan 7, 2023.
             Was an Initiate of Gozag.
             Hit by a large rock thrown by a cyclops (42 damage)
             ... on level 9 of the Dungeon.
             The game lasted 00:18:44 (10321 turns).

sokol815 the Geomancer (OpEE)                      Turns: 10321, Time: 00:18:45

Health: -7/61      AC:  1    Str:  8    XL:     11   Next: 0%
Magic:  22/31      EV: 13    Int: 28    God:    Gozag
Gold:   896        SH:  0    Dex: 12    Spells: 21/25 levels left

rFire   . . .      SeeInvis .    a - +2 dagger (protect)
rCold   + . .      Faith    .    (no shield)
rNeg    . . .      Spirit   .    (helmet restricted)
rPois   .          Reflect  .    d - amulet "Ruivycac" {rC+ Will+ Regen+ MP+9}
rElec   .          Harm     .    g - +6 ring of intelligence
rCorr   .          Rampage  .    (no ring)
Will    +....                    (no ring)
Stlth   +++                      (no ring)
HPRegen 1.10/turn                (no ring)
MPRegen 0.22/turn                (no ring)
                                 (no ring)
                                 (no ring)

@: no status effects
A: almost no armour, amphibious, 8 rings, camouflage 1, gelatinous body 1,
(nimble swimmer 1), tentacles
a: Renounce Religion, Potion Petition, Call Merchant, Bribe Branch


You were on level 9 of the Dungeon.
You worshipped Gozag.
Gozag was pleased with you.
You visited 2 branches of the dungeon, and saw 10 of its levels.

You collected 1009 gold pieces.
You paid 113 gold pieces to Gozag.

Inventory:

Hand Weapons
 a - a +2 dagger of protection (weapon)
   (You took it off a goblin on level 1 of the Dungeon)
 b - a +0 short sword of venom
   (You took it off a kobold on level 1 of the Dungeon)
 e - a +3 flail of draining
   (You took it off Edmund on level 5 of the Dungeon)
 f - a +0 dagger
   (You took it off a goblin on level 1 of the Dungeon)
 n - a +1 whip of electrocution
   (You took it off Pikel on level 6 of the Dungeon)
 v - a +0 scimitar of flaming
   (You took it off an efreet on level 8 of the Dungeon)
 w - a +1 scimitar of flaming
   (You took it off Erica on level 8 of the Dungeon)
 x - a +0 long sword of freezing
   (You found it on level 8 of the Dungeon)
Missiles
 h - 38 poisoned darts
 k - a throwing net {!d}
 m - 12 boomerangs
 p - a curare-tipped dart
 s - 91 stones
 t - 3 silver javelins
Armour
 r - an orb of wrath
   (You found it on level 4 of the Dungeon)
Magical Staves
 o - a staff of conjuration
   (You found it on level 7 of the Dungeon)
Jewellery
 d - the amulet "Ruivycac" (around mantle) {rC+ Will+ Regen+ MP+9}
   (You acquired it on level 4 of the Dungeon)

   [amulet of regeneration]

   rC:        It protects you from cold.
   MP:        It affects your magic capacity (+9).
   Regen:     It increases your rate of health regeneration.
   Will:      It increases your willpower.
 g - a +6 ring of intelligence (left tentacle)
   (You found it on level 2 of the Dungeon)
 i - an amulet of reflection
   (You found it on level 2 of the Dungeon)
Wands
 q - a wand of flame (18)
   (You found it on level 8 of the Dungeon)
Scrolls
 j - 2 scrolls of enchant armour
 y - a scroll of magic mapping {unknown}
 E - 2 scrolls of fear
 K - a scroll of immolation {!r}
 Y - 2 scrolls of teleportation {@r3}
Potions
 c - 2 potions of cancellation
 l - 3 potions of curing {unknown}
 u - a potion of brilliance {unknown}
 G - 3 potions of ambrosia {!q}
 H - a potion of haste
 I - a potion of invisibility
 L - 2 potions of flight
 M - a potion of magic
 N - 4 potions of heal wounds {@q2}
 P - 2 potions of lignification {!q}
 U - 4 potions of mutation {!q}


   Skills:
 - Level 2.0 Dodging
 - Level 2.6 Stealth
 + Level 7.7 Spellcasting
 - Level 10.0 Conjurations
 * Level 3.7 Transmutations
 - Level 10.0 Earth Magic


You had 21 spell levels left.
You knew the following spells:

 Your Spells              Type           Power      Damage    Failure   Level
a - Sandblast             Erth           100%       2d20      1%          1
x - Stone Arrow           Conj/Erth      100%       3d13      1%          3

Your spell library contained the following spells:

 Spells                   Type           Power      Damage    Failure   Level
 Magic Dart               Conj           100%       1d8       1%          1
 Momentum Strike          Conj/Tloc      76%        3d10      1%          2
 Passwall                 Tmut/Erth      40%        N/A       1%          2
 Sting                    Tmut/Pois      84%        1d7       2%          1
 Mephitic Cloud           Conj/Pois/Air  29%        N/A       3%          3
 Petrify                  Tmut/Erth      49%        N/A       3%          4
 Summon Small Mammal      Summ           40%        N/A       4%          1
 Flame Wave               Conj/Fire      38%        2d10      6%          4
 Sticky Flame             Conj/Fire      38%        2d6       6%          4
 Blink                    Tloc           20%        N/A       8%          2
 Call Imp                 Summ           10%        N/A       8%          2
 Poisonous Vapours        Pois/Air       20%        N/A       8%          2
 Call Canine Familiar     Summ           10%        N/A       16%         3
 Inner Flame              Hex/Fire       10%        N/A       16%         3
 Lesser Beckoning         Tloc           20%        N/A       16%         3
 Summon Guardian Golem    Hex/Summ       10%        N/A       16%         3
 Tukima's Dance           Hex            10%        N/A       16%         3
 Olgreb's Toxic Radiance  Pois           10%        N/A       45%         4
 Passage of Golubria      Tloc           10%        N/A       45%         4
 Yara's Violent Unravell  Hex/Tmut       10%        3d6       54%         5


Dungeon Overview and Level Annotations

Branches:
Dungeon (9/15) Zot: 26439  Temple (1/1) D:6 Zot: 5869    Lair (0/5) D:9
    Orc: D:9-12

Altars:
Ashenzari
Cheibriados
Dithmenos
Elyvilon
Fedhas
Gozag
Hepliaklqana
Nemelex Xobeh
Okawaru
Qazlal
Sif Muna
Trog
Uskayaw
Vehumet
Xom
Yredelemnul
Zin
The Shining One

Shops:
D:8 (

Annotations:
D:3 1 runed translucent door, Crazy Yiuf, Grinder


Innate Abilities, Weirdness & Mutations

You cannot wear most types of armour.
You are amphibious.
You can wear up to eight rings at the same time.
Your skin changes colour to match your surroundings (Stealth+).
Your rubbery body absorbs attacks. (AC +1, EV +1)
((You are camouflaged when in or above water. (Stealth+)))
You have tentacles for arms and can constrict up to eight enemies at once.


Message History

You open the door.
There is an open door here.
You open the door.
There is an open door here.
A two-headed ogre comes into view.
It is wielding a +0 giant club and a +0 dire flail.
The two-headed ogre shouts in stereo!
The stone arrow hits the two-headed ogre!!
You now have 26/29 mp.
The stone arrow hits the two-headed ogre!
You now have 23/29 mp.
The stone arrow hits the two-headed ogre!
You now have 20/29 mp.
You hit the two-headed ogre but do no damage.
Your weapon exudes an aura of protection.
The two-headed ogre completely misses you.
The two-headed ogre hits you with a +0 dire flail.
You take 4 damage, and have 52/56 hp.
Aim: a two-headed ogre, wielding a +0 giant club and a +0 dire flail (almost dead, 89% to hit)
The stone arrow hits the two-headed ogre!!
You kill the two-headed ogre!
Your Transmutations skill gained 2 levels and is now at level 3!
You now have 18/30 mp.
You now have 853 gold pieces (gained 14).
Things that are here:
a +0 giant club; a +0 dire flail
There is an open door, spattered with blood here.
You now have 865 gold pieces (gained 12).
h - 38 poisoned darts (gained 6) Health restored: 56; MP restored: 30 You open the door.
Found a stone staircase leading down.
There is an open door here.
There is a stone staircase leading down here.
l - 3 ruby potions (gained 1)
You open the door.
A centaur comes into view.
There is an open door here.
The stone arrow hits the centaur!!
The centaur shouts!
The centaur wields a +0 shortbow.
The centaur shoots an arrow.
The arrow barely misses you.
You now have 27/30 mp.
The stone arrow hits the centaur!!
You kill the centaur!
You now have 24/30 mp.
You now have 874 gold pieces (gained 9).
You see here a +0 shortbow.
You open the door.
There is an open door here.
Found a staircase to the Lair.
MP restored: 30
s - 91 stones (gained 4)
The komodo dragon bites the plant!!!!
The plant begins to die.
The komodo dragon bites the plant!!
The plant begins to die.
The komodo dragon bites the plant!
The komodo dragon bites the plant!!
The plant begins to die.
The komodo dragon bites the plant.
A nearby plant withers and dies. x2
A komodo dragon is nearby!
Your line of fire to the komodo dragon is blocked by a plant.
Unknown command.
The stone arrow hits the komodo dragon!
You now have 27/30 mp.
The stone arrow hits the komodo dragon!!
A nearby plant withers and dies.
You now have 24/30 mp.
Aim: a komodo dragon (severely wounded, 84% to hit)
The stone arrow hits the komodo dragon!
You kill the komodo dragon!
You have reached level 11!
Health restored: 61 You now have 21/31 mp.
You now have 896 gold pieces (gained 22).
There is an open door here.
You see here a +0 shortbow.
You open the door.
There is an open door here.
You open the door.
There is an open door here.
You open the door.
A cyclops comes into view.
The cyclops shouts!
MP restored: 31
Found a stone staircase leading down.
The cyclops throws a large rock.
The large rock hits you!!
You take 20 damage, and have 41/61 hp.
MASSIVE DAMAGE!!
Aim: a cyclops, quivering large rocks (98% to hit)
The stone arrow hits the cyclops!!
The cyclops throws a large rock.
The large rock hits you!
You take 9 damage, and have 33/61 hp.
You now have 28/31 mp.
Aim: a cyclops, quivering large rocks (moderately wounded, 98% to hit)
The stone arrow hits the cyclops!
You now have 25/31 mp.
Aim: a cyclops, quivering large rocks (severely wounded, 98% to hit)
The stone arrow hits the cyclops!
The cyclops throws a large rock.
The large rock hits you!!!
Ouch! That really hurt!
You die...
Your body crumbles into a pile of gold.

#.# #.# ##.# .# #..# ...
#######'### # .>..
#.........# # .....
#.........# #
.....C##.........#### #
.......@.........'..####
......#..........##....'
..... #..........#######
.... ##?........# # ###
###########


You could see a cyclops.

Vanquished Creatures
  Erolcha (D:9)
  Erica (D:8)
  2 two-headed ogres
  Pikel (D:6)
  A komodo dragon (D:9)
  An efreet (D:8)
  A wyvern (D:7)
  Eustachio (D:4)
  Menkaure (D:5)
  Edmund (D:5)
  2 water moccasins
  An ice beast (D:5)
  3 black bears
  An ogre (D:5)
  Pargi (D:4)
  3 centaurs
  A phantom (D:5)
  2 lemures (D:6)
  A kobold brigand (D:7)
  Blork the orc (D:4)
  2 bullfrogs
  3 scorpions
  A gnoll sergeant (D:7)
  3 jellies
  4 orc priests
  5 hounds
  2 gnoll boudas
  6 iguanas
  Terence (D:2)
  5 orc wizards
  Robin (D:3)
  12 gnolls
  11 adders
  2 white imps
  8 worms
  2 dart slugs
  20 orcs
  2 bats
  3 endoplasms
  4 giant cockroaches
  20 goblins
  10 hobgoblins
  3 jackals (D:5)
  3 quokkas
  3 training dummies (D:8)
  10 ball pythons
  3 frilled lizards
  15 kobolds
  10 rats
201 creatures vanquished.

Vanquished Creatures (others)
  3 plants (D:9)
3 creatures vanquished.

Grand Total: 204 creatures vanquished

Notes
Turn   | Place    | Note
-------+----------+-------------------------------------------
     0 | D:1      | sokol815 the Octopode Earth Elementalist began the quest
                  | for the Orb.
     0 | D:1      | Reached XP level 1. HP: 11/11 MP: 3/3
    95 | D:1      | Reached XP level 2. HP: 5/17 MP: 2/5
   374 | D:1      | Reached skill level 3 in Spellcasting
   683 | D:1      | Reached XP level 3. HP: 21/21 MP: 5/7
   689 | D:1      | Learned a level 3 spell: Stone Arrow
  1051 | D:2      | Reached skill level 1 in Conjurations
  1099 | D:2      | Reached XP level 4. HP: 27/27 MP: 6/8
  1304 | D:2      | Found a faded altar of an unknown god.
  1442 | D:2      | Noticed Terence
  1451 | D:2      | Killed Terence
  1452 | D:2      | Reached skill level 2 in Conjurations
  2037 | D:3      | Noticed Robin
  2047 | D:3      | Reached XP level 5. HP: 31/31 MP: 5/9
  2120 | D:3      | Found a basalt altar of Yredelemnul.
  2123 | D:3      | Killed Robin
  2124 | D:3      | Reached skill level 4 in Earth Magic
  2426 | D:3      | You fall into a shaft and drop 1 floor!
  2507 | D:3      | Found a runed translucent door.
  2508 | D:3      | Noticed Crazy Yiuf
  2561 | D:3      | Noticed Grinder
  2641 | D:3      | Identified the +0 cloak "Veereokk" {rElec Will+}
  2903 | D:4      | Found a glowing silver altar of Zin.
  2930 | D:4      | Reached skill level 3 in Conjurations
  2930 | D:4      | Reached XP level 6. HP: 32/36 MP: 8/10
  3082 | D:4      | Noticed Eustachio
  3108 | D:4      | Reached skill level 5 in Earth Magic
  3140 | D:4      | Killed Eustachio
  3141 | D:4      | Reached skill level 4 in Conjurations
  3141 | D:4      | Reached XP level 7. HP: 41/41 MP: 6/11
  3231 | D:4      | Identified a scroll of acquirement
  3231 | D:4      | Acquired the amulet "Ruivycac" {rC+ Will+ Regen+ MP+9}
  3575 | D:4      | Noticed Blork the orc
  3575 | D:4      | Noticed Pargi
  3598 | D:4      | Killed Pargi
  3599 | D:4      | Reached skill level 5 in Conjurations
  3599 | D:4      | Reached skill level 6 in Earth Magic
  3608 | D:4      | Killed Blork the orc
  3897 | D:5      | Entered Level 5 of the Dungeon
  3902 | D:5      | Noticed Menkaure
  3905 | D:5      | Killed Menkaure
  3906 | D:5      | Reached XP level 8. HP: 36/46 MP: 12/12
  4045 | D:5      | Noticed Edmund
  4049 | D:5      | Reached skill level 6 in Conjurations
  4049 | D:5      | Reached skill level 7 in Earth Magic
  4053 | D:5      | Killed Edmund
  4582 | D:5      | Reached skill level 7 in Conjurations
  4677 | D:5      | Reached skill level 8 in Earth Magic
  4895 | D:5      | Noticed a two-headed ogre
  4898 | D:5      | Killed a two-headed ogre
  4899 | D:5      | Reached skill level 8 in Conjurations
  4899 | D:5      | Reached skill level 4 in Spellcasting
  4899 | D:5      | Reached XP level 9. HP: 51/51 MP: 12/15
  5525 | D:5      | Found a shimmering blue altar of Sif Muna.
  6251 | D:6      | Noticed Pikel
  6318 | D:6      | Killed Pikel
  6319 | D:6      | Reached skill level 9 in Conjurations
  6319 | D:6      | Reached skill level 9 in Earth Magic
  6420 | D:6      | Reached skill level 5 in Spellcasting
  6613 | D:6      | Found a staircase to the Ecumenical Temple.
  6869 | Temple   | Entered the Ecumenical Temple
  6986 | Temple   | Became a worshipper of Gozag Ym Sagoz the Greedy
  7684 | D:7      | Reached XP level 10. HP: 56/56 MP: 13/17
  8197 | D:7      | HP: 14/56 [poisoned by a kobold brigand (curare-tipped
                  | dart)]
  8667 | D:8      | Found Mainlabu's Firing Range.
  9239 | D:8      | Noticed Erica
  9246 | D:8      | Killed Erica
  9247 | D:8      | Reached skill level 6 in Spellcasting
  9561 | D:8      | Reached skill level 10 in Earth Magic
  9564 | D:8      | Reached skill level 10 in Conjurations
  9656 | D:8      | Found a glowing golden altar of the Shining One.
  9665 | D:8      | Found an iron altar of Okawaru.
  9670 | D:8      | Found a bloodstained altar of Trog.
  9681 | D:8      | Found a stormy altar of Qazlal.
  9689 | D:8      | Found a radiant altar of Vehumet.
  9694 | D:8      | Found a blossoming altar of Fedhas.
  9706 | D:8      | Found a sparkling altar of Nemelex Xobeh.
  9822 | D:9      | Noticed Erolcha
  9829 | D:9      | Killed Erolcha
  9830 | D:9      | Reached skill level 7 in Spellcasting
 10026 | D:9      | Noticed a two-headed ogre
 10032 | D:9      | Killed a two-headed ogre
 10033 | D:9      | Reached skill level 3 in Transmutations
 10220 | D:9      | Found a staircase to the Lair.
 10235 | D:9      | Reached XP level 11. HP: 61/61 MP: 21/22
 10316 | D:9      | Noticed a cyclops
 10321 | D:9      | Hit by a large rock thrown by a cyclops

Illustrated notes

Levels and vault maps discovered:
D:1:      dpeg_arrival_rooms_c, layout_basic
D:2:      layout_basic, ebering_ecumenical_altar_rust,
          nicolae_concentric_dashed_squares_mild, kennysheep_generic_room_10,
          uniq_terence
D:3:      layout_basic, mainiacjoe_overflow_catwalk, nicolae_titane,
          uniq_crazy_yiuf_cottage, uniq_robin, uniq_grinder
D:4:      layout_basic, zin_statuary, uniq_blork_the_orc, uniq_eustachio,
          uniq_pargi
D:5:      layout_basic, kennysheep_little_box, roderic_serpentine_path,
          nicolae_wormholes, uniq_menkaure, uniq_edmund
D:6:      layout_layer_cave, minmay_temple_entry_overgrown, minivault_19,
          uniq_pikel
D:7:      layout_rooms
D:8:      layout_basic, grunt_temple_overflow_octagram,
          chequers_decorated_corner, nicolae_shop_firing_range, uniq_erica
D:9:      layout_roguey, david_lair_shrubbed, uniq_erolcha
Temple:   grunt_temple_mini_profane

Skill      XL: |  1  2  3  4  5  6  7  8  9 10 |
---------------+-------------------------------+-----
Spellcasting   | 3 4 5 7 |  7.7
Conjurations   | 1 2 3 4 5 8 9 10 | 10.0
Earth Magic    | 4 5 6 8 9 10 | 10.0
Transmutations | 3 |  3.7
Dodging        | |  2.0
Stealth        | |  2.6

Action                   |  1- 3 |  4- 6 |  7- 9 | 10-12 || total
-------------------------+-------+-------+-------+-------++-------
Melee: Unarmed           |    14 |       |       |       ||    14
       Constrict         |     8 |    17 |     9 |     6 ||    40
       Tentacles         |     4 |    18 |    12 |     9 ||    43
       Dagger            |    15 |    64 |    39 |    16 ||   134
       Short sword       |     5 |       |       |       ||     5
       Punch             |       |     1 |       |       ||     1
       Staff             |       |       |       |     3 ||     3
 Cast: Sandblast         |    40 |    56 |    21 |       ||   117
       Stone Arrow       |       |       |    77 |    68 ||   145
  Use: Scroll            |       |       |    16 |     5 ||    21
       Potion            |       |       |       |     2 ||     2
 Stab: Distracted        |       |     1 |       |       ||     1
Armor: Skin              |     4 |    12 |    20 |     1 ||    37
Dodge: Dodged            |    20 |    18 |    47 |    17 ||   102
Block: Other             |       |     8 |       |       ||     8

Table legend: (Time is in decaauts)
 A = Elapsed time spent in this place.
 B = Non-inter-level travel time spent in this place.
 C = Inter-level travel time spent in this place.
 D = Time resting spent in this place.
 E = Time spent auto-exploring this place.
 F = Levels seen in this place.
 G = Mean time per level.
                   A        B        C        D        E       F      G
               +--------+--------+--------+--------+--------+-----+--------+
         Total |  10397 |   9969 |    428 |    837 |   7929 |  10 | 1039.7 |
       Dungeon |  10266 |   9859 |    407 |    837 |   7821 |   9 | 1140.7 |
        Temple |    130 |    110 |     20 |      0 |    108 |   1 |  130.0 |
               +--------+--------+--------+--------+--------+-----+--------+

Top non-repeatable levels by time:
     D:6: 1943 daAuts
     D:5: 1896 daAuts
     D:2: 1299 daAuts
     D:8: 1093 daAuts
     D:4: 1070 daAuts
     D:1: 810 daAuts
     D:7: 798 daAuts
     D:3: 794 daAuts
     D:9: 559 daAuts
  Temple: 130 daAuts

Table legend:
 A = Kills in this place as a percentage of kills in entire the game.
 B = Kills by you in this place as a percentage of kills by you in the entire game.
 C = Kills by friends in this place as a percentage of kills by friends in the entire game.
 D = Other kills in this place as a percentage of other kills in the entire game.
 E = Experience gained in this place as a percentage of experience gained in the entire game.
 F = Experience gained in this place divided by the number of levels of this place that you have seen.
                   A       B       C       D       E      F
               +-------+-------+-------+-------+-------+----------------------
         Total | 100.0 | 100.0 |   N/A |   N/A | 100.0 | 924.6
       Dungeon | 100.0 | 100.0 |   N/A |   N/A | 100.0 | 1027.3
               +-------+-------+-------+-------+-------+----------------------
